3AAA
NASHVILLE HOT CHICKENS @ SALT LAKE CITY BUZZ
09/16/2053
 
TOP OF THE 1ST
Nashville Hot Chickens batting - Pitching for Salt Lake City Buzz : LHP Iwan Vroom
Pitching: LHP Iwan Vroom
Batting: RHB Ryan O'Callahan 0-0: Ball
1-0: Swinging Strike
1-1: Ball
2-1: Foul Ball, location: 2F
2-2: Strikes out swinging
Batting: SHB Waylon Meade 0-0: Called Strike
0-1: SINGLE (Line Drive, 78S, EV 96.2 MPH)
Batting: LHB Francisco Rodríguez 0-0: Fly out, F8 (Flyball, 8RS, EV 88.8 MPH)
Batting: RHB Dong-su Yun 0-0: Foul Ball, location: 2F
0-1: Ball
1-1: Ball
2-1: Ball
3-1: Base on Balls
Waylon Meade to second
Batting: RHB Ramón Lemus 0-0: Called Strike
0-1: Ball
1-1: SINGLE (Groundball, 56D, EV 98.1 MPH)
Waylon Meade to third
Dong-su Yun to second
Runner from 3rd tries for Home, SAFE, throw by LF to home
Batting: RHB Arturo Medina 0-0: Ball
1-0: Foul Ball, location: 2F
1-1: Ground out 4-3 (Groundball, 4S, EV 77.5 MPH)
Top of the 1st over - 1 run, 2 hits, 0 errors, 2 left on base; Nashville 1 - Salt Lake City 0
BOTTOM OF THE 1ST
Salt Lake City Buzz batting - Pitching for Nashville Hot Chickens : RHP Billy Ramsey
Pitching: RHP Billy Ramsey
Batting: SHB Fa-hsien Tze 0-0: Called Strike
0-1: Ball
1-1: Foul Ball, location: 2F
1-2: Ball
2-2: SINGLE (Flyball, 6D, EV 93.1 MPH)
Batting: RHB Kevin Sanders 0-0: SINGLE (Groundball, 56S, EV 69.4 MPH) (infield hit)
Fa-hsien Tze to second
Batting: RHB Ron Burnett 0-0: Called Strike
0-1: Swinging Strike
0-2: Ball
1-2: Strikes out looking
Batting: RHB Colm Reyes 0-0: Foul Ball, location: 2F
0-1: Foul Ball, location: 2F
0-2: Foul Ball, location: 2F
0-2: SINGLE (Flyball, 89S, EV 81.9 MPH)
Fa-hsien Tze to third
Kevin Sanders to second
Runner from 3rd tries for Home, SAFE, throw by RF to home
Batting: LHB Davis Davenport 0-0: Ball
1-0: Fly out, F9 (Flyball, 89M, EV 87.5 MPH)
Batting: LHB Juan Martínez 0-0: Fielders Choice at 2nd, 6-4 (Groundball, 6, EV 83.1 MPH)
Bottom of the 1st over - 1 run, 3 hits, 0 errors, 2 left on base; Nashville 1 - Salt Lake City 1
TOP OF THE 2ND
Nashville Hot Chickens batting - Pitching for Salt Lake City Buzz : LHP Iwan Vroom
Batting: RHB Stephen Clifton 0-0: Called Strike
0-1: Called Strike
0-2: Foul Ball, location: 2F
0-2: Ball
1-2: Ball
2-2: Fly out, F9 (Flyball, 9LMF, EV 93.1 MPH)
Batting: LHB Tadasu Ogasahara 0-0: Foul Ball, location: 2F
0-1: Called Strike
0-2: Ground out U3 (Groundball, 3S, EV 85.0 MPH)
Batting: LHB Jason Melton 0-0: Foul Ball, location: 2F
0-1: Reached on error, E5 (Groundball, 5, EV 110.6 MPH)
Batting: RHB Ryan O'Callahan 0-0: Ball
Jason Melton steals 2nd base
1-0: DOUBLE (Line Drive, 9LS, EV 88.1 MPH)
Jason Melton scores
Batting: SHB Waylon Meade 0-0: Swinging Strike
0-1: Ball
1-1: Ball
2-1: Called Strike
2-2: SINGLE (Line Drive, 9S, EV 93.8 MPH)
Ryan O'Callahan to third
Runner from 3rd tries for Home, SAFE, throw by RF to home
Batting: LHB Francisco Rodríguez 0-0: Called Strike
0-1: Ball
1-1: Swinging Strike
1-2: Strikes out swinging
Top of the 2nd over - 2 runs, 2 hits, 1 error, 1 left on base; Nashville 3 - Salt Lake City 1
BOTTOM OF THE 2ND
Salt Lake City Buzz batting - Pitching for Nashville Hot Chickens : RHP Billy Ramsey
Batting: RHB Nherbert Imperial 0-0: Fly out, F8 (Flyball, 8LD, EV 100.6 MPH)
Batting: RHB Pedro Costa 0-0: Swinging Strike
0-1: Swinging Strike
0-2: Foul Ball, location: 2F
0-2: Strikes out looking
Batting: RHB Jay-man Yu 0-0: Called Strike
0-1: Ball
1-1: Called Strike
1-2: Strikes out swinging
Bottom of the 2nd over - 0 runs, 0 hits, 0 errors, 0 left on base; Nashville 3 - Salt Lake City 1
TOP OF THE 3RD
Nashville Hot Chickens batting - Pitching for Salt Lake City Buzz : LHP Iwan Vroom
Batting: RHB Dong-su Yun 0-0: Swinging Strike
0-1: Foul Ball, location: 2F
0-2: Strikes out looking
Batting: RHB Ramón Lemus 0-0: Called Strike
0-1: Foul Ball, location: 2F
0-2: Ball
1-2: Ball
2-2: Ball
3-2: SINGLE (Line Drive, 7S, EV 104.4 MPH)
Batting: RHB Arturo Medina 0-0: Ball
1-0: Called Strike
1-1: Grounds into double play, 4-6-3 (Groundball, 4, EV 107.5 MPH)
Top of the 3rd over - 0 runs, 1 hit, 0 errors, 0 left on base; Nashville 3 - Salt Lake City 1
BOTTOM OF THE 3RD
Salt Lake City Buzz batting - Pitching for Nashville Hot Chickens : RHP Billy Ramsey
Batting: SHB Fa-hsien Tze 0-0: Swinging Strike
0-1: Ball
1-1: Fly out, F8 (Flyball, 8RS, EV 76.9 MPH)
Batting: RHB Kevin Sanders 0-0: Swinging Strike
0-1: Ball
1-1: Called Strike
1-2: Ball
2-2: Strikes out looking
Batting: RHB Ron Burnett 0-0: Called Strike
0-1: Foul Ball, location: 2F
0-2: Strikes out swinging
Bottom of the 3rd over - 0 runs, 0 hits, 0 errors, 0 left on base; Nashville 3 - Salt Lake City 1
TOP OF THE 4TH
Nashville Hot Chickens batting - Pitching for Salt Lake City Buzz : LHP Iwan Vroom
Batting: RHB Stephen Clifton 0-0: Swinging Strike
0-1: Ball
1-1: Swinging Strike
1-2: Ground out 4-3 (Groundball, 4S, EV 78.8 MPH)
Batting: LHB Tadasu Ogasahara 0-0: Swinging Strike
0-1: Ball
1-1: Foul Ball, location: 2F
1-2: SINGLE (Groundball, 3D, EV 98.1 MPH)
Batting: LHB Jason Melton 0-0: Swinging Strike
0-1: Ball
Tadasu Ogasahara steals 2nd base
1-1: Foul Ball, location: 2F
1-2: Ball
2-2: Ball
3-2: Fly out, F3 (Popup, 3SF, EV 71.9 MPH)
Batting: RHB Ryan O'Callahan 0-0: Swinging Strike
0-1: Ball
1-1: SINGLE (Groundball, 56D, EV 95.6 MPH)
Tadasu Ogasahara to third
Runner from 3rd tries for Home, SAFE, throw by LF to home
Batting: SHB Waylon Meade 0-0: Ball
1-0: Ball
2-0: Ball
3-0: Swinging Strike
3-1: Called Strike
3-2: Strikes out looking
Top of the 4th over - 1 run, 2 hits, 0 errors, 1 left on base; Nashville 4 - Salt Lake City 1
BOTTOM OF THE 4TH
Salt Lake City Buzz batting - Pitching for Nashville Hot Chickens : RHP Billy Ramsey
Batting: RHB Colm Reyes 0-0: Called Strike
0-1: Fly out, F8 (Line Drive, 8LD, EV 100.6 MPH)
Batting: LHB Davis Davenport 0-0: Ball
1-0: Fly out, F9 (Flyball, 89XD, EV 87.5 MPH)
Batting: LHB Juan Martínez 0-0: SINGLE (Line Drive, 9S, EV 89.4 MPH)
Batting: RHB Nherbert Imperial 0-0: Foul Ball, location: 2F
0-1: Ball
1-1: Foul Ball, location: 2F
1-2: Fly out, F7 (Flyball, 7D, EV 76.2 MPH)
Bottom of the 4th over - 0 runs, 1 hit, 0 errors, 1 left on base; Nashville 4 - Salt Lake City 1
TOP OF THE 5TH
Nashville Hot Chickens batting - Pitching for Salt Lake City Buzz : LHP Iwan Vroom
Batting: LHB Francisco Rodríguez 0-0: Ball
1-0: Foul Ball, location: 2F
1-1: Ball
2-1: Fly out, F5 (Popup, 5L, EV 66.2 MPH)
Batting: RHB Dong-su Yun 0-0: Foul Ball, location: 2F
0-1: Ball
1-1: Ball
2-1: Ball
3-1: Base on Balls
Pitching: RHP José Cantú
Batting: RHB Ramón Lemus 0-0: Ball
1-0: Called Strike
1-1: 2-RUN HOME RUN (Flyball, 78XD, EV 110.6 MPH), Distance : 452 ft
Batting: RHB Arturo Medina 0-0: Foul Ball, location: 2F
0-1: Ball
1-1: Foul Ball, location: 2F
1-2: Hit by Pitch
Batting: RHB Stephen Clifton 0-0: Called Strike
0-1: Ball
1-1: Called Strike
1-2: Foul Ball, location: 2F
1-2: Foul Ball, location: 2F
1-2: Ball
2-2: Foul Ball, location: 2F
2-2: Strikes out looking
Batting: LHB Tadasu Ogasahara 0-0: Called Strike
0-1: Called Strike
0-2: Foul Ball, location: 2F
0-2: Ball
1-2: Foul Ball, location: 2F
1-2: Ball
2-2: Foul Ball, location: 2F
2-2: 2-RUN HOME RUN (Flyball, 89XD, EV 116.2 MPH), Distance : 445 ft
Batting: LHB Jason Melton 0-0: Ball
1-0: Ball
2-0: Ball
3-0: Called Strike
3-1: Swinging Strike
3-2: Strikes out swinging
Top of the 5th over - 4 runs, 2 hits, 0 errors, 0 left on base; Nashville 8 - Salt Lake City 1
BOTTOM OF THE 5TH
Salt Lake City Buzz batting - Pitching for Nashville Hot Chickens : RHP Billy Ramsey
Batting: RHB Pedro Costa 0-0: SINGLE (Groundball, 56D, EV 108.8 MPH)
Batting: RHB Jay-man Yu 0-0: Fielders Choice at 2nd, 1-6 (Groundball, 13S, EV 65.0 MPH)
Batting: SHB Fa-hsien Tze 0-0: Called Strike
0-1: Ball
1-1: Ball
2-1: Swinging Strike
2-2: Strikes out swinging
Batting: RHB Kevin Sanders 0-0: Called Strike
0-1: Ground out 6-3 (Groundball, 6M, EV 110.0 MPH)
Bottom of the 5th over - 0 runs, 1 hit, 0 errors, 1 left on base; Nashville 8 - Salt Lake City 1
TOP OF THE 6TH
Nashville Hot Chickens batting - Pitching for Salt Lake City Buzz : RHP José Cantú
Batting: RHB Ryan O'Callahan 0-0: Called Strike
0-1: Fly out, F8 (Flyball, 89M, EV 93.1 MPH)
Batting: SHB Waylon Meade 0-0: Ball
1-0: Ball
2-0: Ball
3-0: Called Strike
3-1: SINGLE (Groundball, 56S, EV 75.6 MPH) (infield hit)
Batting: LHB Francisco Rodríguez 0-0: Ball
1-0: Foul Ball, location: 2F
1-1: Ball
2-1: Fielders Choice at 2nd, 4-6 (Groundball, 4D, EV 103.1 MPH)
Batting: RHB Dong-su Yun 0-0: Foul Ball, location: 2F
0-1: Ball
1-1: Fly out, F7 (Flyball, 7LM, EV 86.2 MPH)
Top of the 6th over - 0 runs, 1 hit, 0 errors, 1 left on base; Nashville 8 - Salt Lake City 1
BOTTOM OF THE 6TH
Salt Lake City Buzz batting - Pitching for Nashville Hot Chickens : RHP Billy Ramsey
Batting: RHB Ron Burnett 0-0: Ball
1-0: Ball
2-0: Ball
3-0: Base on Balls
Batting: RHB Colm Reyes 0-0: Called Strike
0-1: Foul Ball, location: 2F
0-2: Ball
1-2: SINGLE (Groundball, 5S, EV 63.1 MPH) (infield hit)
Ron Burnett to second
Batting: LHB Davis Davenport 0-0: Fly out, F8 (Flyball, 8LD, EV 96.2 MPH)
Batting: LHB Juan Martínez 0-0: Fly out, F8 (Flyball, 8RD, EV 92.5 MPH)
Batting: RHB Nherbert Imperial 0-0: Called Strike
0-1: Fielders Choice at 2nd, 6-4 (Groundball, 6, EV 88.8 MPH)
Bottom of the 6th over - 0 runs, 1 hit, 0 errors, 2 left on base; Nashville 8 - Salt Lake City 1
TOP OF THE 7TH
Nashville Hot Chickens batting - Pitching for Salt Lake City Buzz : RHP José Cantú
Batting: RHB Ramón Lemus 0-0: Called Strike
0-1: Swinging Strike
0-2: Strikes out swinging
Batting: RHB Arturo Medina 0-0: Ball
1-0: Foul Ball, location: 2F
1-1: Ball
2-1: Foul Ball, location: 2F
2-2: Ball
3-2: Base on Balls
Pitching: LHP Dave Davis
Batting: RHB Stephen Clifton 0-0: Swinging Strike
0-1: Ball
1-1: Ball
2-1: Ball
3-1: Fielders Choice at 2nd, 6-4 (Groundball, 6M, EV 86.2 MPH)
Pinch Hitting: LHB Yoshitaka Ogasahara 0-0: Ball
1-0: Called Strike
1-1: Ball
2-1: Ground out 6-3 (Groundball, 6M, EV 81.9 MPH)
Top of the 7th over - 0 runs, 0 hits, 0 errors, 1 left on base; Nashville 8 - Salt Lake City 1
BOTTOM OF THE 7TH
Salt Lake City Buzz batting - Pitching for Nashville Hot Chickens : RHP Billy Ramsey
Now in LF: Yoshitaka Ogasahara
Batting: RHB Pedro Costa 0-0: Swinging Strike
0-1: Ball
1-1: Swinging Strike
1-2: Foul Ball, location: 2F
1-2: Ball
2-2: Ground out 6-3 (Groundball, 6M, EV 100.0 MPH)
Batting: RHB Jay-man Yu 0-0: Called Strike
0-1: Ground out 4-3 (Groundball, 4, EV 106.9 MPH)
Batting: SHB Fa-hsien Tze 0-0: Ball
1-0: Ball
2-0: Ball
3-0: Called Strike
3-1: Base on Balls
Pinch Hitting: RHB Doug Randall 0-0: Ball
1-0: Swinging Strike
1-1: Called Strike
Fa-hsien Tze steals 2nd base (no throw)
1-2: Strikes out looking
Bottom of the 7th over - 0 runs, 0 hits, 0 errors, 1 left on base; Nashville 8 - Salt Lake City 1
TOP OF THE 8TH
Nashville Hot Chickens batting - Pitching for Salt Lake City Buzz : LHP Dave Davis
Now in LF: Ron Burnett
Now in CF: Juan Martínez
Now in RF: Doug Randall
Batting: LHB Jason Melton 0-0: Ball
1-0: Called Strike
1-1: Fly out, F7 (Flyball, 7, EV 88.1 MPH)
Batting: RHB Ryan O'Callahan 0-0: Ball
1-0: Called Strike
1-1: Ball
2-1: Ball
3-1: Foul Ball, location: 2F
3-2: Strikes out looking
Batting: SHB Waylon Meade 0-0: Foul Ball, location: 2F
0-1: Ball
1-1: Foul Ball, location: 2F
1-2: Strikes out swinging
Top of the 8th over - 0 runs, 0 hits, 0 errors, 0 left on base; Nashville 8 - Salt Lake City 1
BOTTOM OF THE 8TH
Salt Lake City Buzz batting - Pitching for Nashville Hot Chickens : RHP Billy Ramsey
Batting: RHB Ron Burnett 0-0: Called Strike
0-1: Ball
1-1: Foul Ball, location: 2F
1-2: Foul Ball, location: 2F
1-2: Strikes out swinging
Batting: RHB Colm Reyes 0-0: Ball
1-0: Ball
2-0: Swinging Strike
2-1: Ball
3-1: SINGLE (Line Drive, 9S, EV 86.9 MPH)
Batting: LHB Davis Davenport 0-0: Ball
1-0: Ball
2-0: Grounds into double play, 4-6-3 (Groundball, 4M, EV 108.1 MPH)
Bottom of the 8th over - 0 runs, 1 hit, 0 errors, 0 left on base; Nashville 8 - Salt Lake City 1
TOP OF THE 9TH
Nashville Hot Chickens batting - Pitching for Salt Lake City Buzz : LHP Dave Davis
Batting: LHB Francisco Rodríguez 0-0: Called Strike
0-1: Ball
1-1: Swinging Strike
1-2: Ball
2-2: Fly out, F8 (Flyball, 8LM, EV 80.0 MPH)
Pinch Hitting: RHB Luis Rodríguez 0-0: Ball
1-0: DOUBLE (Groundball, 5L, EV 106.2 MPH)
Batting: RHB Ramón Lemus 0-0: Ball
1-0: Foul Ball, location: 2F
1-1: Swinging Strike
1-2: Foul Ball, location: 2F
1-2: Foul Ball, location: 2F
1-2: Foul Ball, location: 2F
1-2: Ball
2-2: Foul Ball, location: 2F
2-2: Strikes out swinging
Batting: RHB Arturo Medina 0-0: Ball
1-0: SINGLE (Groundball, 56D, EV 98.8 MPH)
Luis Rodríguez to third
Runner from 3rd tries for Home, SAFE, throw by LF to home
Arturo Medina to second
Batting: RHB Stephen Clifton 0-0: Foul Ball, location: 2F
0-1: Ball
1-1: Foul Ball, location: 2F
1-2: Fly out, F3 (Popup, 23F, EV 80.6 MPH)
Top of the 9th over - 1 run, 2 hits, 0 errors, 1 left on base; Nashville 9 - Salt Lake City 1
BOTTOM OF THE 9TH
Salt Lake City Buzz batting - Pitching for Nashville Hot Chickens : RHP Billy Ramsey
Now at 1B: Michael Wright
Batting: LHB Juan Martínez 0-0: Fly out, F8 (Flyball, 8LS, EV 92.5 MPH)
Batting: RHB Nherbert Imperial 0-0: Fly out, F9 (Flyball, 89D, EV 103.1 MPH)
Batting: RHB Pedro Costa 0-0: Ball
1-0: Ball
2-0: Ball
3-0: Called Strike
3-1: Foul Ball, location: 2F
3-2: Fly out, F9 (Flyball, 89M, EV 79.4 MPH)
Bottom of the 9th over - 0 runs, 0 hits, 0 errors, 0 left on base; Nashville 9 - Salt Lake City 1
Saturday, January 20th , 2024 - OOTP Baseball 23.10 Build 110